 Dungeon Crawl Stone Soup version 0.31.0-32-g396128a36d (webtiles) character file.

Game seed: 9679042017293996557

1839 James the Covert (level 8, -1/44 HPs)
             Began as a Felid Fighter on Apr 21, 2024.
             Was a Believer of Dithmenos.
             Slain by a gnoll
             ... wielding a +0 spear
              (6 damage)
             ... on level 7 of the Dungeon.
             The game lasted 00:19:49 (6343 turns).

James the Covert (Felid Fighter)                    Turns: 6343, Time: 00:19:50

Health: -1/44      AC:  2    Str: 14    XL:     8   Next: 87%
Magic:  9/9        EV: 23    Int: 12    God:    Dithmenos [**....]
Gold:   243        SH:  0    Dex: 22    Spells: 7/7 levels left
                                        Lives:  0   Deaths: 3

rFire   . .          .
                       - Unarmed
rCold   . . .        (shield unavailable)
rNeg    . . .        (body armour unavailable)
rPois   .            (helmet unavailable)
rElec   .            (cloak unavailable)
rCorr   .            (gloves unavailable)
SInv    +            (boots unavailable)
Will    +....        l - amulet of the acrobat
Stlth   ++++++       r - +6 ring of dexterity
HPRegen 0.27/turn    (no ring)
MPRegen 0.11/turn

%: acrobat
@: mighty, wreathed by umbra
A: very small, claws 1, fangs 3, see invisible, shaggy fur 2, stealthy paws, no
weapons or thrown items, no armour, multi-lived
a: Renounce Religion, Shadow Step


You were on level 7 of the Dungeon.
You worshipped Dithmenos.
Dithmenos was pleased with you.
You visited 2 branches of the dungeon, and saw 8 of its levels.
You also visited: Sewer.

You collected 279 gold pieces.
You spent 36 gold pieces at shops.

Inventory:

Jewellery
 e - an amulet of magic regeneration
   (You found it on level 6 of the Dungeon)
 g - an amulet of reflection
   (You found it on level 4 of the Dungeon)
 l - an amulet of the acrobat (around neck)
   (You found it on level 3 of the Dungeon)
 r - a +6 ring of dexterity (left paw)
   (You found it on level 5 of the Dungeon)
Talismans
 m - a flux talisman
   (You found it on level 3 of the Dungeon)
Wands
 t - a wand of flame (28)
   (You took it off a kobold on level 2 of the Dungeon)
Scrolls
 b - 3 scrolls of teleportation {@r4}
 d - 2 scrolls of butterflies {unknown}
 f - a scroll of fear {unknown}
 n - a scroll of noise {unknown}
 s - a scroll of fog {unknown}
 u - a scroll of torment {unknown}
 w - a scroll of amnesia
Potions
 c - a potion of invisibility {unknown}
 h - 2 potions of degeneration {unknown}
 i - 3 potions of haste {unknown}
 j - 4 potions of cancellation {unknown}
 k - a potion of lignification {unknown}
 o - 2 potions of magic {unknown}
 p - 3 potions of resistance {unknown}
 q - a potion of heal wounds {unknown}
 v - 3 potions of curing {@q1}


   Skills:
 + Level 5.9 Fighting
 - Level 7.0 Dodging
 - Level 9.0 Stealth
 - Level 8.0 Unarmed Combat


You had 7 spell levels left.
You didn't know any spells.
Your spell library contained the following spells:

 Spells                   Type           Power      Damage    Failure   Level
 Lesser Beckoning         Tloc           0%         N/A       45%         2
 Fugue of the Fallen      Necr           0%         N/A       69%         3
 Gell's Gravitas          Tloc           0%         N/A       69%         3
 Ozocubu's Armour         Ice            0%         N/A       69%         3
 Teleport Other           Tloc           0%         N/A       69%         3
 Tukima's Dance           Hex            0%         N/A       69%         3
 Iskenderun's Mystic Bla  Conj/Tloc      0%         2d3       97%         4
 Manifold Assault         Tloc           0%         N/A       97%         4
 Dimensional Bullseye     Hex/Tloc       Unusable   N/A       N/A         4

Dungeon Overview and Level Annotations

Branches:
Dungeon (7/15)             Temple (1/1) D:4           Sewer (visited)

Altars:
Ashenzari
Cheibriados
Dithmenos
Elyvilon
Fedhas
Gozag
Kikubaaqudgha
Makhleb
Nemelex Xobeh
Okawaru
Qazlal
Ru
Sif Muna
Trog
Uskayaw
Xom
Yredelemnul
Zin

Shops:
D:3 !

Annotations:
D:3 1 exclusion
D:5 2 transporters, Pascal76's ghost, novice DsFi


Innate Abilities, Weirdness & Mutations

You have sharp claws.
You have razor-sharp teeth.
You have supernaturally acute eyesight. (SInv)
You are covered in thick fur. (AC +2)
Your paws help you pounce on unaware monsters.
You are incapable of wielding weapons or throwing items.
You cannot wear armour.
You gain extra lives every three experience levels.


Message History

The wyvern hisses angrily.
A gnoll comes into view. It is wielding a +0 flail.
The wyvern moves out of view.
The gnoll attacks as it pursues you! The gnoll completely misses you.
The gnoll attacks as it pursues you! The gnoll completely misses you.
The gnoll attacks as it pursues you! The gnoll misses you.
The boulder beetle curls into a ball and begins rolling!
The gnoll hits you with a +0 halberd!
You scratch the gnoll. The gnoll completely misses you.
You scratch the gnoll but do no damage. The gnoll misses you.
You barely miss the gnoll. Your claw misses the gnoll.
The gnoll hits you with a +0 halberd!
You barely miss the gnoll.
You hear the faint creaking of a very distant portcullis.
The gnoll hits you with a +0 halberd!
* * * LOW HITPOINT WARNING * * *
You claw the gnoll! The gnoll misses you.
You claw the gnoll!
You kill the gnoll!
Dithmenos accepts your kill.
A scorpion comes into view.
The wyvern closely misses you.
You claw the wyvern!
The boulder beetle stops rolling and uncurls.
The wyvern completely misses you.
You claw the wyvern! The wyvern misses you.
You scratch the wyvern but do no damage.
The wyvern bites you.
* * * LOW HITPOINT WARNING * * *
Okay, then.
You feel very mighty all of a sudden. The wyvern closely misses you.
The boulder beetle leaps!
The wyvern closely misses you.
You claw the wyvern!
You kill the wyvern!
Dithmenos accepts your kill.
You claw the gnoll!
You kill the gnoll!
Dithmenos accepts your kill. The scorpion completely misses you.
The gnoll completely misses you. The scorpion completely misses you.
Items here: )) ††.
You claw the scorpion! The gnoll barely misses you.
The scorpion barely misses you.
Unknown command.
You mangle the scorpion!!
You kill the scorpion!
Dithmenos accepts your kill.
The gnoll hits you from afar with a +0 spear.
You die...

### g... ....
############..#
#.....@†g.....#
###.####B.........
#.##.○..........
#.##.#.#..###...
#.##.#.#..# .#
#.##.#.#..# .
#[##.#.#.=#.#
#.##.#.#.#..#
#.##.#.#...#


You could see a boulder beetle and a gnoll.

Vanquished Creatures
  A wyvern (D:7)
  A steam dragon (D:7)
  Eustachio (D:6)
  An ice beast (D:3)
  An orc warrior (D:6)
  An ogre (D:5)
  2 kobold brigands
  4 scorpions
  A wight (D:7)
  A howler monkey (D:5)
  A bombardier beetle (D:6)
  A hound (D:5)
  A jelly (D:5)
  2 orc priests (D:6)
  A gnoll bouda (D:5)
  A sleepcap (D:6)
  4 iguanas
  An orc wizard (D:4)
  9 gnolls
  8 adders
  5 river rats
  2 shadow imps (D:6)
  A ribbon worm (D:2)
  2 dart slugs
  15 orcs
  17 ball pythons
  8 endoplasms
  A giant cockroach (D:4)
  6 goblins
  9 hobgoblins
  13 jackals
  4 quokkas
  7 bats
  11 frilled lizards
  33 kobolds
  26 rats
203 creatures vanquished.

Notes
Turn   | Place    | Note
-------+----------+-------------------------------------------
     0 | D:1      | James the Felid Fighter began the quest for the Orb.
     0 | D:1      | Reached XP level 1. HP: 12/12 MP: 2/2
    97 | D:1      | Reached XP level 2. HP: 13/16 MP: 3/3
   640 | D:1      | Reached XP level 3. HP: 18/21 MP: 4/4
  1103 | D:2      | Reached skill level 5 in Dodging
  1185 | D:2      | Slain by a ribbon worm
  1185 | D:2      | Lost a life (0 lives remaining)
  1382 | D:2      | Reached XP level 4. HP: 22/25 MP: 5/5
  1382 | D:2      | Gained a life (1 life remaining)
  1911 | D:3      | Found Midwoe's Distillery.
  1914 | D:3      | Bought a potion of curing for 36 gold pieces
  1954 | D:3      | Found a bloodstained altar of Trog.
  2103 | D:3      | Found a faded altar of an unknown god.
  2258 | D:3      | Noticed an ice beast
  2265 | D:3      | Killed an ice beast
  2266 | D:3      | Reached skill level 5 in Unarmed Combat
  2266 | D:3      | Reached XP level 5. HP: 29/29 MP: 6/6
  2269 | D:3      | Identified the +3 spear "Newtslayer" {holy, rElec}
  3154 | D:4      | Mangled by an iguana
  3154 | D:4      | Lost a life (0 lives remaining)
  3226 | D:4      | Found a staircase to the Ecumenical Temple.
  3235 | Temple   | Entered the Ecumenical Temple
  3261 | Temple   | Became a worshipper of Dithmenos the Shadowed
  3377 | D:4      | Gained mutation: You are covered in thick fur. (AC +2)
                  | [Felid growth]
  3377 | D:4      | Reached XP level 6. HP: 25/33 MP: 7/7
  3733 | D:4      | Reached skill level 1 in Stealth
  3761 | D:4      | Reached skill level 2 in Stealth
  3866 | D:5      | Entered Level 5 of the Dungeon
  3876 | D:5      | Reached skill level 3 in Stealth
  3943 | D:5      | Reached skill level 4 in Stealth
  3949 | D:5      | Found a transporter.
  3950 | D:5      | Noticed Pascal76's ghost (novice DsFi)
  4127 | D:5      | Found an opulent altar of Gozag.
  4241 | D:5      | Found a transporter.
  4309 | D:5      | Reached skill level 5 in Stealth
  4333 | D:5      | Reached XP level 7. HP: 14/37 MP: 8/8
  4333 | D:5      | Gained a life (1 life remaining)
  4368 | D:5      | Found a glowing drain.
  4381 | Sewer    | Entered a sewer
  4518 | Sewer    | Reached skill level 6 in Stealth
  4568 | Sewer    | Reached * piety under Dithmenos
  4642 | Sewer    | Reached skill level 7 in Stealth
  4982 | D:5      | Reached ** piety under Dithmenos
  5221 | D:5      | Reached skill level 8 in Stealth
  5514 | D:6      | Reached skill level 9 in Stealth
  5514 | D:6      | Reached XP level 8. HP: 25/42 MP: 9/9
  5596 | D:6      | Found a snail-covered altar of Cheibriados.
  5916 | D:6      | Noticed Eustachio
  5919 | D:6      | Killed Eustachio
  6291 | D:7      | Reached skill level 5 in Fighting
  6299 | D:7      | Slain by a wight
  6299 | D:7      | Lost a life (0 lives remaining)
  6320 | D:7      | Noticed a boulder beetle
  6343 | D:7      | Slain by a gnoll

Illustrated notes

Levels and vault maps discovered:
D:1:      minmay_arrival_semitransparent, layout_loops_corners, minivault_26,
          amcnicky_mini_corridor_feature
D:2:      layout_loops_cross, minmay_small_reverse_x
D:3:      layout_basic, mainiacjoe_overflow_concentric_impassable,
          basic_ecumenical_altar, serial_shops, shop, st_stairs_12,
          minmay_surrounded
D:4:      layout_gridville, minmay_temple_entry_statues_pillars,
          nicolae_twisty_statue_hallways
D:5:      layout_gridville, grunt_gozag_statues, portal_sewer_entry_e,
          gammafunk_ghost_smash, chequers_jeans
D:6:      layout_rooms, slow_altar_1, uniq_eustachio
D:7:      layout_basic, mainiacjoe_overflow_chevrons,
          nicolae_wu_jian_wuxing_cycle, nicolae_vehumet_radiance,
          enter_bailey_3, nicolae_letterblocks [nicolae_letter_subblock,
          nicolae_letter_subblock, nicolae_letter_subblock,
          nicolae_letter_subblock, nicolae_letter_subblock,
          nicolae_letter_subblock, nicolae_letter_subblock,
          nicolae_letter_subblock, nicolae_letter_subblock,
          nicolae_letter_subblock, nicolae_letter_subblock,
          nicolae_letter_subblock, nicolae_letter_subblock,
          nicolae_letter_subblock, nicolae_letter_subblock,
          nicolae_letter_subblock, nicolae_letter_subblock,
          nicolae_letter_subblock, nicolae_letter_subblock,
          nicolae_letter_subblock, nicolae_letter_subblock,
          nicolae_letter_subblock, nicolae_letter_subblock,
          nicolae_letter_subblock, nicolae_letter_subblock]
Temple:   nicolae_temple_superstar

Skill      XL: |  1  2  3  4  5  6  7  8 |
---------------+-------------------------+-----
Fighting       | 4 5 |  5.9
Dodging        | 5 6 7 |  7.0
Unarmed Combat | 5 6 8 |  8.0
Stealth        | 5 9 |  9.0

Action                     |  1- 3 |  4- 6 |  7- 9 || total
---------------------------+-------+-------+-------++-------
  Melee: Unarmed           |   127 |   175 |   248 ||   550
         Bite              |    10 |    19 |    17 ||    46
         Punch             |     4 |     7 |     8 ||    19
  Evoke: Wand              |       |     5 |       ||     5
    Use: Scroll            |       |     8 |       ||     8
         Potion            |       |     1 |     1 ||     2
   Stab: Sleeping          |     2 |     2 |    18 ||    22
 Armour: Skin              |    33 |    37 |    54 ||   124
  Dodge: Dodged            |    95 |   135 |   269 ||   499
